 Dungeon Crawl Stone Soup version 0.27-a0-1434-g6f15984924 (webtiles) character file.

Game seed: 13243142358747069136

14 nyamberluvr69 the Ducker (level 2, -1/15 HPs)
             Began as a Spriggan Gladiator on July 3, 2021.
             Slain by a quokka (5 damage)
             ... on level 1 of the Dungeon.
             The game lasted 00:01:12 (442 turns).

nyamberluvr69 the Ducker (Spriggan Gladiator)        Turns: 442, Time: 00:01:14

Health: -1/15      AC:  2    Str: 10    XL:     2   Next: 31%
Magic:  3/3        EV: 18    Int:  9    God:
Gold:   34         SH:  0    Dex: 16    Spells: 1/1 levels left

rFire    . . .     SeeInvis +   a - +0 rapier
rCold    . . .     Faith    .   (shield restricted)
rNeg     . . .     Spirit   .   b - +0 robe
rPois    .         Reflect  .   c - +0 hat
rElec    .         Harm     .   (no cloak)
rCorr    .         Rampage  .   (gloves unavailable)
Will     .....                  (boots unavailable)
Stlth    +.........             (no amulet)
HPRegen  0.05/turn              (no ring)
MPRegen  0.08/turn              (no ring)

@: very quick
A: very small, no large weapons, unfitting armour, see invisible, speed 3
a: no special abilities


You were on level 1 of the Dungeon.
You visited 1 branch of the dungeon, and saw 1 of its levels.

You collected 34 gold pieces.

Inventory:

Hand Weapons
 a - a +0 rapier (weapon)
Missiles
 d - 2 throwing nets (quivered)
Armour
 b - a +0 robe (worn)
 c - a +0 hat (worn)
Scrolls
 g - a scroll of blinking {unknown}
Potions
 e - a potion of heal wounds {unknown}
 f - a potion of lignification {unknown}


   Skills:
 * Level 2.2 Fighting
 + Level 3.5 Short Blades
 - Level 2.0 Throwing
 - Level 4.0 Dodging


You had one spell level left.
You didn't know any spells.
Your spell library was empty.

Dungeon Overview and Level Annotations

Branches:
Dungeon (1/15)

Altars:


Innate Abilities, Weirdness & Mutations

You are very small and have problems with some larger weapons.
You are too small for most types of armour.
You have supernaturally acute eyesight. (SInv)
You cover ground extremely quickly. (Speed+++)


Message History

You hit the kobold.
You kill the kobold!
Things that are here:
a +0 dagger; a +0 tower shield; a kobold corpse
Found 20 sling bullets.
You now have 34 gold pieces (gained 9).
A goblin comes into view. It is wielding a +0 club.
A bat comes into view.
You see here a throwing net.
You see here a throwing net.
d - 3 throwing nets (gained 1)
The bat misses you.
You hit the bat.
The bat is heavily wounded.
The bat completely misses you. The bat misses you.
You puncture the bat!
You kill the bat!
Found a scroll labelled CUKKINW AREE.
Throw: 3 throwing nets
Press: ? - help, Q - select action Shift-Dir - straight line, f - goblin
Aim: a goblin, wielding a +0 club (55% to hit)
Okay, then.
Unknown command.
Unknown command.
g - a scroll labelled CUKKINW AREE
There are no items here.
A quokka comes into view.
The quokka bites you.
* * * LOW HITPOINT WARNING * * *
You completely miss the quokka.
The quokka bites you but does no damage.
You closely miss the quokka. The quokka misses you.
You barely miss the quokka. The quokka barely misses you.
The quokka misses you.
Throw: 3 throwing nets
Press: ? - help, Q - select action Shift-Dir - straight line, f - quokka
Aim: a quokka (51% to hit)
You throw a throwing net. The throwing net misses the quokka.
The quokka bites you.
You die...

#.......... .......(# #..........
........#### #..........
...........# #..........
##...........#####........
..........................
##........................
.......#......#.r................
....#.........#.@................
..............#................#.
...............................#.
...............##..........###...
........(.....g#...........###...
...............#.................
...............#..........####...
...(....####............... #...
.......#####.....#.........# #...


You could see a quokka and a goblin.

Vanquished Creatures
  2 bats (D:1)
  An endoplasm (D:1)
  A giant cockroach (D:1)
  A goblin (D:1)
  A hobgoblin (D:1)
  A ball python (D:1)
  3 frilled lizards (D:1)
  3 kobolds (D:1)
  A rat (D:1)
14 creatures vanquished.

Notes
Turn   | Place    | Note
-------+----------+-------------------------------------------
     0 | D:1      | nyamberluvr69 the Spriggan Gladiator began the quest for
                  | the Orb.
     0 | D:1      | Reached XP level 1. HP: 10/10 MP: 2/2
   314 | D:1      | Reached XP level 2. HP: 15/15 MP: 3/3
   442 | D:1      | Slain by a quokka

Illustrated notes

Levels and vault maps discovered:
D:1:      minmay_arrival_radiant_lines, layout_basic,
          chequers_ecumenical_altar_simple_redux, minmay_split_cup_large

Skill      XL: |  1 |
---------------+----+-----
Fighting       | 2 |  2.2
Short Blades   | |  3.5
Throwing       | |  2.0
Dodging        | |  4.0

Action                   || total
-------------------------++-------
Melee: Rapier            ||    34
Throw: Throwing net      ||     2
 Stab: Sleeping          ||     1
Armor: Robe              ||     2
Dodge: Dodged            ||    24

Table legend: (Time is in decaauts)
 A = Elapsed time spent in this place.
 B = Non-inter-level travel time spent in this place.
 C = Inter-level travel time spent in this place.
 D = Time resting spent in this place.
 E = Time spent auto-exploring this place.
 F = Levels seen in this place.
 G = Mean time per level.
                   A        B        C        D        E       F      G
               +--------+--------+--------+--------+--------+-----+--------+
         Total |    367 |    367 |      0 |    194 |     79 |   1 |  367.0 |
       Dungeon |    367 |    367 |      0 |    194 |     79 |   1 |  367.0 |
               +--------+--------+--------+--------+--------+-----+--------+

Top non-repeatable levels by time:
     D:1: 367 daAuts
